| TOP OF THE 1ST |
|
Burlington Bees batting - Pitching for Delmarva Shorebirds : LHP Jason Williams
|
|
Pitching: LHP Jason Williams
|
|
|
Batting: RHB Khalil Thurston
|
0-0: Called Strike 0-1: Ball 1-1: Foul Ball, location: 2F 1-2: Fly out, F7 (Flyball, 7, EV 81.2 MPH)
|
|
Batting: RHB Danny Bjarnson
|
0-0: Ball 1-0: Ball 2-0: Foul Ball, location: 2F 2-1: Ground out 5-3 (Groundball, 56S, EV 85.0 MPH)
|
|
Batting: LHB Mark Reeg
|
0-0: Ground out 4-3 (Groundball, 4, EV 81.9 MPH)
|
| Top of the 1st over - 0 runs, 0 hits, 0 errors, 0 left on base; Burlington 0 - Delmarva 0 |
| BOTTOM OF THE 1ST |
|
Delmarva Shorebirds batting - Pitching for Burlington Bees : RHP Chris Russell
|
|
Pitching: RHP Chris Russell
|
|
|
Batting: LHB Shane Free
|
0-0: Ground out 5-3 (Groundball, 56S, EV 68.1 MPH)
|
|
Batting: RHB Ben Sutton
|
0-0: Foul Ball, location: 2F 0-1: Foul Ball, location: 2F 0-2: Strikes out swinging
|
|
Batting: LHB Tomas de Zeeuw
|
0-0: Called Strike 0-1: Called Strike 0-2: Ball 1-2: SINGLE (Groundball, 6, EV 95.0 MPH)
|
|
Batting: SHB Jorge Brito
|
0-0: SINGLE (Line Drive, 7S, EV 96.9 MPH) Tomas de Zeeuw to second Runner from 2nd tries for 3rd, OUT! 7-5
|
| Bottom of the 1st over - 0 runs, 2 hits, 0 errors, 1 left on base; Burlington 0 - Delmarva 0 |
| TOP OF THE 2ND |
|
Burlington Bees batting - Pitching for Delmarva Shorebirds : LHP Jason Williams
|
|
Batting: RHB Tomas Raya
|
0-0: Ball 1-0: Ball 2-0: Called Strike 2-1: Called Strike 2-2: Ball 3-2: Strikes out swinging
|
|
Batting: RHB Josh Faulconer
|
0-0: Ball 1-0: Ball 2-0: Swinging Strike 2-1: DOUBLE (Flyball, 8RXD, EV 97.5 MPH)
|
|
Batting: RHB Timoleon Tsikouna
|
0-0: Ball 1-0: Called Strike 1-1: Ball Josh Faulconer steals 3rd base 2-1: Called Strike 2-2: Foul Ball, location: 2F 2-2: Foul Ball, location: 2F 2-2: Strikes out swinging
|
|
Batting: RHB Kinya Nishimura
|
0-0: Called Strike 0-1: Ground out 6-3 (Groundball, 6, EV 111.2 MPH)
|
| Top of the 2nd over - 0 runs, 1 hit, 0 errors, 1 left on base; Burlington 0 - Delmarva 0 |
| BOTTOM OF THE 2ND |
|
Delmarva Shorebirds batting - Pitching for Burlington Bees : RHP Chris Russell
|
|
Batting: RHB Jeremy Sipe
|
0-0: Ball 1-0: Called Strike 1-1: Ball 2-1: Foul Ball, location: 2F 2-2: SINGLE (Line Drive, 89S, EV 100.0 MPH)
|
|
Batting: RHB Dave Perron
|
0-0: Ball Jeremy Sipe is caught stealing 2nd base 2-4 1-0: Swinging Strike 1-1: Ball 2-1: Fly out, F7 (Line Drive, 7D, EV 98.1 MPH)
|
|
Batting: LHB Eric Jackson
|
0-0: Ball 1-0: Foul Ball, location: 2F 1-1: DOUBLE (Line Drive, 9LM, EV 111.2 MPH)
|
|
Batting: SHB Jared Boyce
|
0-0: Called Strike 0-1: Ball 1-1: Called Strike 1-2: Foul Ball, location: 2F 1-2: Ball 2-2: Foul Ball, location: 2F 2-2: Ball 3-2: Base on Balls
|
|
Batting: RHB Lee Deason
|
0-0: Ball 1-0: Foul Ball, location: 2F 1-1: SINGLE (Line Drive, 5D, EV 96.9 MPH) Eric Jackson to third Jared Boyce to second
|
|
Batting: LHB Shane Free
|
0-0: Called Strike 0-1: Ground out U3 (Groundball, 3S, EV 66.2 MPH)
|
| Bottom of the 2nd over - 0 runs, 3 hits, 0 errors, 3 left on base; Burlington 0 - Delmarva 0 |
| TOP OF THE 3RD |
|
Burlington Bees batting - Pitching for Delmarva Shorebirds : LHP Jason Williams
|
|
Batting: RHB Ryan Pelletier
|
0-0: SINGLE (Line Drive, 56D, EV 101.9 MPH)
|
|
Batting: LHB Brett Bugge
|
0-0: Fly out, F8 (Flyball, 89M, EV 85.0 MPH)
|
|
Batting: RHB Khalil Thurston
|
0-0: Foul Ball, location: 2F 0-1: Ball 1-1: Called Strike 1-2: Ball 2-2: Ball 3-2: DOUBLE (Line Drive, 9LM, EV 86.9 MPH) Ryan Pelletier to third Ryan Pelletier scores
|
|
Batting: RHB Danny Bjarnson
|
0-0: Ball 1-0: Foul Ball, location: 2F 1-1: Called Strike 1-2: Foul Ball, location: 2F 1-2: Foul Ball, location: 2F 1-2: SINGLE (Groundball, 4, EV 94.4 MPH) Khalil Thurston to third Runner from 3rd tries for Home, SAFE, throw by RF to home
|
|
Batting: LHB Mark Reeg
|
0-0: Swinging Strike 0-1: Ball 1-1: DOUBLE (Line Drive, 9LS, EV 95.0 MPH) Danny Bjarnson to third Runner from 3rd tries for Home, SAFE, no throw by RF
|
|
Batting: RHB Tomas Raya
|
0-0: Swinging Strike 0-1: Ball 1-1: Foul Ball, location: 2F 1-2: Foul Ball, location: 2F 1-2: Ball 2-2: Strikes out swinging
|
|
Batting: RHB Josh Faulconer
|
0-0: Swinging Strike 0-1: Foul Ball, location: 2F 0-2: Ball 1-2: Ball 2-2: Foul Ball, location: 2F 2-2: Foul Ball, location: 2F 2-2: Ball 3-2: Foul Ball, location: 2F 3-2: SINGLE (Flyball, 8RS, EV 95.0 MPH) Mark Reeg to third Runner from 3rd tries for Home, SAFE, throw by CF to home
|
|
Now in CF: Justin Moore
|
|
|
Batting: RHB Timoleon Tsikouna
|
0-0: Ball Wild Pitch! Josh Faulconer to second 1-0: Called Strike 1-1: Swinging Strike 1-2: Strikes out looking
|
| Top of the 3rd over - 4 runs, 5 hits, 0 errors, 1 left on base; Burlington 4 - Delmarva 0 |
| BOTTOM OF THE 3RD |
|
Delmarva Shorebirds batting - Pitching for Burlington Bees : RHP Chris Russell
|
|
Batting: RHB Ben Sutton
|
0-0: Ball 1-0: Swinging Strike 1-1: Ball 2-1: Foul Ball, location: 2F 2-2: Strikes out swinging
|
|
Batting: LHB Tomas de Zeeuw
|
0-0: Called Strike 0-1: Ball 1-1: Swinging Strike 1-2: Foul Ball, location: 2F 1-2: Foul Ball, location: 2F 1-2: Foul Ball, location: 2F 1-2: Foul Ball, location: 2F 1-2: SINGLE (Line Drive, 8RS, EV 96.9 MPH)
|
|
Batting: SHB Jorge Brito
|
0-0: Called Strike 0-1: Swinging Strike 0-2: Ball 1-2: Ball 2-2: Ball 3-2: Base on Balls Tomas de Zeeuw to second
|
|
Batting: RHB Jeremy Sipe
|
0-0: Called Strike 0-1: Ball 1-1: Foul Ball, location: 2F 1-2: Grounds into double play, 5-4-3 (Groundball, 56, EV 95.0 MPH)
|
| Bottom of the 3rd over - 0 runs, 1 hit, 0 errors, 1 left on base; Burlington 4 - Delmarva 0 |
| TOP OF THE 4TH |
|
Burlington Bees batting - Pitching for Delmarva Shorebirds : LHP Jason Williams
|
|
Batting: RHB Kinya Nishimura
|
0-0: Called Strike 0-1: Ball 1-1: Ball 2-1: Swinging Strike 2-2: Foul Ball, location: 2F 2-2: Strikes out swinging
|
|
Batting: RHB Ryan Pelletier
|
0-0: Called Strike 0-1: Foul Ball, location: 2F 0-2: Ball 1-2: Ball 2-2: Strikes out swinging
|
|
Batting: LHB Brett Bugge
|
0-0: Called Strike 0-1: Swinging Strike 0-2: Strikes out swinging
|
| Top of the 4th over - 0 runs, 0 hits, 0 errors, 0 left on base; Burlington 4 - Delmarva 0 |
| BOTTOM OF THE 4TH |
|
Delmarva Shorebirds batting - Pitching for Burlington Bees : RHP Chris Russell
|
|
Batting: RHB Dave Perron
|
0-0: Called Strike 0-1: Ball 1-1: Ball 2-1: Ground out 5-3 (Groundball, 5, EV 81.9 MPH)
|
|
Batting: LHB Justin Moore
|
0-0: Called Strike 0-1: Ball 1-1: Foul Ball, location: 2F 1-2: Ball 2-2: Ball 3-2: Base on Balls
|
|
Batting: SHB Jared Boyce
|
0-0: Called Strike 0-1: Swinging Strike 0-2: SINGLE (Flyball, 78S, EV 90.0 MPH) Justin Moore to second
|
|
Batting: RHB Lee Deason
|
0-0: Called Strike 0-1: Foul Ball, location: 2F 0-2: Ball 1-2: Strikes out swinging
|
|
Batting: LHB Shane Free
|
0-0: Foul Ball, location: 2F 0-1: Swinging Strike 0-2: Fly out, F9 (Line Drive, 89M, EV 112.5 MPH)
|
| Bottom of the 4th over - 0 runs, 1 hit, 0 errors, 2 left on base; Burlington 4 - Delmarva 0 |
| TOP OF THE 5TH |
|
Burlington Bees batting - Pitching for Delmarva Shorebirds : LHP Jason Williams
|
|
Batting: RHB Khalil Thurston
|
0-0: Called Strike 0-1: Fly out, F8 (Flyball, 78S, EV 93.1 MPH)
|
|
Batting: RHB Danny Bjarnson
|
0-0: Called Strike 0-1: Ball 1-1: Ground out 4-3 (Groundball, 4, EV 85.6 MPH)
|
|
Batting: LHB Mark Reeg
|
0-0: Foul Ball, location: 2F 0-1: Ball 1-1: Ball 2-1: Ball 3-1: Swinging Strike 3-2: SINGLE (Groundball, 3D, EV 108.1 MPH)
|
|
Batting: RHB Tomas Raya
|
0-0: Ball 1-0: Fielders Choice at 2nd, 6-4 (Groundball, 6, EV 80.0 MPH)
|
| Top of the 5th over - 0 runs, 1 hit, 0 errors, 1 left on base; Burlington 4 - Delmarva 0 |
| BOTTOM OF THE 5TH |
|
Delmarva Shorebirds batting - Pitching for Burlington Bees : RHP Chris Russell
|
|
Batting: RHB Ben Sutton
|
0-0: Called Strike 0-1: Swinging Strike 0-2: Ground out 5-3 (Groundball, 5, EV 86.9 MPH)
|
|
Batting: LHB Tomas de Zeeuw
|
0-0: Ball 1-0: Foul Ball, location: 2F 1-1: TRIPLE (Groundball, 3L, EV 101.9 MPH)
|
|
Batting: SHB Jorge Brito
|
0-0: Ball 1-0: Swinging Strike 1-1: Foul Ball, location: 2F 1-2: Fly out, F8 (Flyball, 89M, EV 87.5 MPH) Runner from 3rd tags up, SCORES, throw by CF
|
|
Batting: RHB Jeremy Sipe
|
0-0: Ball 1-0: Foul Ball, location: 2F 1-1: Ball 2-1: Ball 3-1: Called Strike 3-2: Ground out 6-3 (Groundball, 6, EV 85.0 MPH)
|
| Bottom of the 5th over - 1 run, 1 hit, 0 errors, 0 left on base; Burlington 4 - Delmarva 1 |
| TOP OF THE 6TH |
|
Burlington Bees batting - Pitching for Delmarva Shorebirds : LHP Jason Williams
|
|
Pitching: RHP Jason Hamlyn
|
|
|
Batting: RHB Josh Faulconer
|
0-0: Ball 1-0: Swinging Strike 1-1: Foul Ball, location: 2F 1-2: Foul Ball, location: 2F 1-2: Strikes out looking
|
|
Batting: RHB Timoleon Tsikouna
|
0-0: SINGLE (Groundball, 6MS, EV 89.4 MPH) (infield hit)
|
|
Batting: RHB Kinya Nishimura
|
0-0: Ball 1-0: Ball 2-0: Fly out, F8 (Flyball, 8RS, EV 84.4 MPH)
|
|
Batting: RHB Ryan Pelletier
|
0-0: Ball 1-0: Called Strike 1-1: Foul Ball, location: 2F 1-2: SINGLE (Groundball, 6S, EV 73.8 MPH) (infield hit) Timoleon Tsikouna to second
|
|
Batting: LHB Brett Bugge
|
0-0: Ball 1-0: Foul Ball, location: 2F 1-1: Foul Ball, location: 2F 1-2: Foul Ball, location: 2F 1-2: Fly out, F9 (Line Drive, 89D, EV 87.5 MPH)
|
| Top of the 6th over - 0 runs, 2 hits, 0 errors, 2 left on base; Burlington 4 - Delmarva 1 |
| BOTTOM OF THE 6TH |
|
Delmarva Shorebirds batting - Pitching for Burlington Bees : RHP Chris Russell
|
|
Pitching: RHP Kennie Williams
|
|
|
Batting: RHB Dave Perron
|
0-0: Called Strike 0-1: Called Strike 0-2: Strikes out swinging
|
|
Batting: LHB Justin Moore
|
0-0: Called Strike 0-1: Foul Ball, location: 2F 0-2: Ball 1-2: Foul Ball, location: 2F 1-2: Foul Ball, location: 2F 1-2: Ball 2-2: SINGLE (Flyball, 9LS, EV 99.4 MPH)
|
|
Batting: SHB Jared Boyce
|
0-0: Called Strike 0-1: Ball 1-1: Grounds into double play, 5-4-3 (Groundball, 56, EV 88.1 MPH)
|
| Bottom of the 6th over - 0 runs, 1 hit, 0 errors, 0 left on base; Burlington 4 - Delmarva 1 |
| TOP OF THE 7TH |
|
Burlington Bees batting - Pitching for Delmarva Shorebirds : RHP Jason Hamlyn
|
|
Batting: RHB Khalil Thurston
|
0-0: SINGLE (Groundball, 6MD, EV 98.1 MPH)
|
|
Batting: RHB Danny Bjarnson
|
0-0: Called Strike 0-1: Reached on error, E6 (Groundball, 6, EV 86.2 MPH) Khalil Thurston to second
|
|
Batting: LHB Mark Reeg
|
0-0: Ball 1-0: Called Strike 1-1: Ball 2-1: Fly out, F7 (Flyball, 7, EV 83.1 MPH)
|
|
Batting: RHB Tomas Raya
|
0-0: Ball Khalil Thurston steals 3rd base Danny Bjarnson to second 1-0: Called Strike 1-1: Ball 2-1: Foul Ball, location: 2F 2-2: Strikes out swinging
|
|
Batting: RHB Josh Faulconer
|
0-0: Ball 1-0: Ball 2-0: Fly out, F9 (Line Drive, 9LM, EV 101.9 MPH)
|
| Top of the 7th over - 0 runs, 1 hit, 1 error, 2 left on base; Burlington 4 - Delmarva 1 |
| BOTTOM OF THE 7TH |
|
Delmarva Shorebirds batting - Pitching for Burlington Bees : RHP Kennie Williams
|
|
Pinch Hitting: LHB Miguel Medina
|
0-0: Ball 1-0: Foul Ball, location: 2F 1-1: SINGLE (Groundball, 4MS, EV 70.0 MPH) (infield hit)
|
|
Batting: LHB Shane Free
|
0-0: Called Strike 0-1: Swinging Strike 0-2: Strikes out swinging
|
|
Batting: SHB Brian Bentz
|
0-0: Hit by Pitch Miguel Medina to second
|
|
Batting: LHB Tomas de Zeeuw
|
0-0: Called Strike 0-1: Fielders Choice at 2nd, 4-6 (Groundball, 4, EV 101.2 MPH) Miguel Medina to third
|
|
Batting: SHB Jorge Brito
|
0-0: Swinging Strike 0-1: Ball 1-1: Foul Ball, location: 2F 1-2: Foul Ball, location: 2F 1-2: Ball 2-2: Strikes out swinging
|
| Bottom of the 7th over - 0 runs, 1 hit, 0 errors, 2 left on base; Burlington 4 - Delmarva 1 |
| TOP OF THE 8TH |
|
Burlington Bees batting - Pitching for Delmarva Shorebirds : RHP Jason Hamlyn
|
|
Pitching: LHP Randall Rennie
|
|
|
Now at 2B: Miguel Medina
|
|
|
Batting: RHB Timoleon Tsikouna
|
0-0: Swinging Strike 0-1: Called Strike 0-2: Ground out 5-3 (Groundball, 56, EV 82.5 MPH)
|
|
Batting: RHB Kinya Nishimura
|
0-0: Ball 1-0: Ball 2-0: Ground out 3-1 (Groundball, 34S, EV 81.9 MPH)
|
|
Batting: RHB Ryan Pelletier
|
0-0: Ball 1-0: SINGLE (Groundball, 25, EV 70.6 MPH) (infield hit)
|
|
Batting: LHB Brett Bugge
|
0-0: Called Strike 0-1: Ball 1-1: Ball Ryan Pelletier is caught stealing 2nd base 2-6
|
| Top of the 8th over - 0 runs, 1 hit, 0 errors, 0 left on base; Burlington 4 - Delmarva 1 |
| BOTTOM OF THE 8TH |
|
Delmarva Shorebirds batting - Pitching for Burlington Bees : RHP Kennie Williams
|
|
Pitching: RHP Nick Madrid
|
|
|
Now at 1B: Adam Barry
|
|
|
Batting: RHB Jeremy Sipe
|
0-0: Ball 1-0: Ball 2-0: Called Strike 2-1: Fly out, F8 (Line Drive, 8RM, EV 90.6 MPH)
|
|
Batting: RHB Dave Perron
|
0-0: Ball 1-0: SINGLE (Line Drive, 7LM, EV 105.6 MPH)
|
|
Batting: LHB Justin Moore
|
0-0: Called Strike 0-1: Ball 1-1: Grounds into double play, 4-6-3 (Groundball, 34, EV 78.8 MPH)
|
| Bottom of the 8th over - 0 runs, 1 hit, 0 errors, 0 left on base; Burlington 4 - Delmarva 1 |
| TOP OF THE 9TH |
|
Burlington Bees batting - Pitching for Delmarva Shorebirds : LHP Randall Rennie
|
|
Batting: LHB Brett Bugge
|
0-0: Ball 1-0: Foul Ball, location: 2F 1-1: Ball 2-1: Ball 3-1: Foul Ball, location: 2F 3-2: Foul Ball, location: 2F 3-2: SINGLE (Groundball, 6D, EV 115.0 MPH)
|
|
Batting: RHB Khalil Thurston
|
0-0: Ground out 5-3 (Groundball, 56S, EV 72.5 MPH) Brett Bugge to second
|
|
Batting: RHB Danny Bjarnson
|
0-0: Intentional Walk
|
|
Batting: LHB Mark Reeg
|
0-0: Ball 1-0: Ball 2-0: Foul Ball, location: 2F 2-1: Foul Ball, location: 2F 2-2: Ball 3-2: SINGLE (Line Drive, 8LS, EV 100.6 MPH) Brett Bugge to third Danny Bjarnson to second
|
|
Batting: LHB Adam Barry
|
0-0: Foul Ball, location: 2F 0-1: SINGLE (Flyball, 56D, EV 100.0 MPH) Brett Bugge scores Danny Bjarnson to third Mark Reeg to second
|
|
Pitching: RHP Angel Gonzales
|
|
|
Batting: RHB Josh Faulconer
|
0-0: Called Strike 0-1: Ball 1-1: Swinging Strike 1-2: Foul Ball, location: 2F 1-2: Ball 2-2: Ball 3-2: Strikes out swinging
|
|
Batting: RHB Timoleon Tsikouna
|
0-0: Called Strike 0-1: Foul Ball, location: 2F 0-2: Strikes out swinging
|
| Top of the 9th over - 1 run, 3 hits, 0 errors, 3 left on base; Burlington 5 - Delmarva 1 |
| BOTTOM OF THE 9TH |
|
Delmarva Shorebirds batting - Pitching for Burlington Bees : RHP Nick Madrid
|
|
Batting: SHB Jared Boyce
|
0-0: Called Strike 0-1: Swinging Strike 0-2: Ball 1-2: Strikes out swinging
|
|
Batting: LHB Miguel Medina
|
0-0: Ball 1-0: Called Strike 1-1: Swinging Strike 1-2: Hit by Pitch
|
|
Batting: LHB Shane Free
|
0-0: Ball 1-0: DOUBLE (Line Drive, 78D, EV 106.9 MPH) Miguel Medina to third
|
|
Pitching: RHP Josh Reynolds
|
|
|
Batting: SHB Brian Bentz
|
0-0: Ball 1-0: Ball 2-0: Ball 3-0: Base on Balls
|
|
Batting: LHB Tomas de Zeeuw
|
0-0: Ball 1-0: Ball 2-0: Called Strike 2-1: Ball 3-1: Called Strike 3-2: Foul Ball, location: 2F 3-2: Base on Balls Miguel Medina scores Shane Free to third Brian Bentz to second
|
|
Batting: SHB Jorge Brito
|
0-0: Ball 1-0: Ball 2-0: Ball 3-0: Base on Balls Shane Free scores Brian Bentz to third Tomas de Zeeuw to second
|
|
Batting: RHB Jeremy Sipe
|
0-0: Ball 1-0: Called Strike 1-1: Swinging Strike 1-2: GRAND SLAM HOME RUN (Flyball, 78XD, EV 106.2 MPH), Distance : 419 ft
|
| Bottom of the 9th over - 6 runs, 2 hits, 0 errors, 0 left on base; Burlington 5 - Delmarva 7 |
|